 Dungeon Crawl Stone Soup version bcrawl-1.12-5-g74a5124548 (webtiles) character file.

Game seed: 4798776520412802302

6294 Arkanax the Protected (level 10, -5/91 HPs)
             Began as a Hill Orc Archaeologist on June 1, 2019.
             Was a Follower of Uskayaw.
             Slain by an eight-headed hydra (7 damage)
             ... on level 1 of the Lair of Beasts.
             The game lasted 00:14:06 (8813 turns).

Arkanax the Protected (Hill Orc Archaeologist)      Turns: 8813, Time: 00:14:07

Health: -5/91      AC: 18    Str: 18    XL:     10   Next: 94%
Magic:  14/14      EV:  8    Int: 14    God:    Uskayaw [*.....]
Gold:   948        SH:  0    Dex:  9    Spells: 9/9 levels left

rFire    . . .     SeeInvis .   u - +0 hand axe (flame)
rCold    . . .     Gourm    .   (no shield)
rNeg     . . .     Faith    .   r - +0 chain mail
rPois    .         Spirit   .   b - +1 hat
rElec    .         Reflect  .   (no cloak)
rCorr    .         Harm     .   d - +1 pair of gloves
MR       .....                  f - +2 pair of boots of the Assassin {Detection Stab+ Stlth++}
Stlth    +++.......             (no amulet)
HPRegen  0.25/turn              J - +3 ring of slaying
MPRegen  0.14/turn              q - +6 ring of slaying

@: no status effects
A: no striking features
a: Stomp, Renounce Religion


You were on level 1 of the Lair of Beasts.
You worshipped Uskayaw.
Uskayaw was noncommittal.
You were hungry.

You visited 2 branches of the dungeon, and saw 11 of its levels.

You collected 948 gold pieces.

Inventory:

Hand Weapons
 e - a cursed -1 war axe
 l - a +0 whip
 u - a +0 hand axe of flaming (weapon)
 y - a +0 hand axe of draining
Missiles
 B - 460 tomahawks (quivered)
Armour
 a - a +1 robe
 b - a +1 hat (worn)
 c - a +1 pair of boots
 d - a +1 pair of gloves (worn)
 f - the +2 pair of boots of the Assassin (worn) {Detection Stab+ Stlth++}

   It makes you much more stealthy.
 r - a +0 chain mail (worn)
Jewellery
 j - an uncursed ring of poison resistance {unknown}
 p - an uncursed ring of protection from cold
 q - a +6 ring of slaying (right hand)
 J - a +3 ring of slaying (left hand)
 N - an uncursed amulet of guardian spirit
Wands
 t - a wand of polymorph (15)
 I - a wand of flame (19)
 L - a wand of paralysis (5)
 M - a wand of enslavement (20)
Scrolls
 h - a scroll of fear {unknown}
 i - 3 scrolls of amnesia {unknown}
 k - a scroll of noise
 m - 6 scrolls of teleportation
 v - 4 scrolls of remove curse {unknown}
 D - 2 scrolls of silence {unknown}
 E - a scroll of blinking {unknown}
 F - a scroll of enchant armour {unknown}
 G - 4 scrolls of immolation {unknown}
 H - a scroll of fog {unknown}
 K - 3 scrolls of magic mapping {unknown}
 R - a scroll of enchant weapon {unknown}
Potions
 n - a potion of brilliance
 o - 4 potions of curing
 s - a potion of magic {unknown}
 w - a potion of cancellation {unknown}
 x - 2 potions of heal wounds {unknown}
 z - 3 potions of flight
 A - 2 potions of lignification {unknown}
 C - a potion of haste {unknown}
 O - a potion of mutation {unknown}
 P - 2 potions of might {unknown}
Comestibles
 g - 11 rations {!d}


   Skills:
 + Level 9.1 Fighting
   Level 9.1 Short Blades
   Level 9.1 Long Blades
   Level 9.1 Axes
   Level 9.1 Maces & Flails
   Level 9.1 Polearms
   Level 9.1 Staves
 + Level 9.6 Armour
 - Level 2.4 Dodging
 - Level 8.5 Stealth
   Level 9.1 Unarmed Combat
 * Level 5.3 Invocations


You had 9 spell levels left.
You didn't know any spells.
Your spell library was empty.

Dungeon Overview and Level Annotations

Branches:
Dungeon (10/12)            Temple (0/1) D:4            Lair (1/6) D:8
    Orc (0/1) D:10

Altars:
Cheibriados
Elyvilon
Gozag
Hepliaklqana
Makhleb
Nemelex Xobeh
Okawaru
Uskayaw
Vehumet
The Shining One

Shops:
D:7 }

Annotations:
D:5 2 transporters, hydraslayer's ghost, novice FrVM
D:10 Sonja
Lair:1 exclusion: 3 oklob plants


Message History

* * * LOW HITPOINT WARNING * * *
The basilisk bites you but does no damage.
The eight-headed hydra bites you but does no damage.
The eight-headed hydra bites you.
* * * LOW HITPOINT WARNING * * *
The eight-headed hydra bites you. The eight-headed hydra bites you!
* * * LOW HITPOINT WARNING * * *
The eight-headed hydra completely misses you.
The eight-headed hydra bites you but does no damage. x3
You turn to flesh and can move again.
The basilisk gazes at you. You resist with some effort.
Okay, then.
You feel better. The eight-headed hydra bites you!
* * * LOW HITPOINT WARNING * * *
The eight-headed hydra bites you but does no damage. x3
The eight-headed hydra completely misses you.
The eight-headed hydra bites you but does no damage. x2
The eight-headed hydra bites you!
You die...

#.....####.###.#
#.....# ### #P.#
#....####.####.#
+....###...###.#
#....##....##..#
#......#...###.#
#..l.....(.##..#
####...D.########.#
.......@## ###..#
.........#####.#..#
..................#
..................#
..................#
.....[.#####.###..#
.......#.......#..P#
.......#.......#..##
##....#.......#..#


You could see an eight-headed hydra and a basilisk.

Vanquished Creatures
  Erolcha (D:9)
  A cyclops (D:10)
  A manticore (D:10)
  An ugly thing (D:9)
  A centaur zombie (D:8)
  A hornet (D:9)
  5 yaks (D:8)
  Menkaure (D:7)
  A hungry ghost (D:9)
  Duvessa (D:5)
  4 orc warriors
  A water moccasin (D:8)
  2 ice beasts
  A phantom (D:4)
  An ogre (D:5)
  A black bear (D:9)
  2 centaurs
  2 bullfrogs
  A big kobold (D:10)
  Dowan (D:5)
  2 scorpions (D:7)
  A wight (D:10)
  4 killer bees (D:8)
  4 howler monkeys
  3 crimson imps
  2 orc priests (D:7)
  A hound (D:4)
  4 jellies
  4 iguanas
  Ijyb (D:3)
  3 orc wizards
  4 worker ants
  2 worker ant zombies
  A howler monkey zombie (D:5)
  7 adders
  3 shadow imps
  2 oozes
  An adder zombie (D:6)
  5 worms
  A dart slug (D:3)
  6 leopard geckos
  32 orcs
  A giant cockroach (D:1)
  9 goblins
  8 hobgoblins
  5 jackals
  3 quokkas
  3 ball pythons
  A bat (D:1)
  4 frilled lizards
  9 kobolds
  A quokka skeleton (D:5)
  3 rats
170 creatures vanquished.

Vanquished Creatures (others)
  6 plants (D:5)
6 creatures vanquished.

Grand Total: 176 creatures vanquished

Notes
Turn   | Place    | Note
-------+----------+-------------------------------------------
     0 | D:1      | Arkanax the Hill Orc Archaeologist began the quest for the
                  | Orb.
     0 | D:1      | Reached XP level 1. HP: 15/15 MP: 1/1
    93 | D:1      | Reached skill level 1 in Fighting
   672 | D:1      | Reached XP level 2. HP: 17/23 MP: 2/2
  1246 | D:2      | Noticed a crimson imp
  1524 | D:2      | Found a hide-covered altar of Uskayaw.
  1533 | D:2      | Became a worshipper of Uskayaw the Reveler
  1580 | D:2      | Reached * piety under Uskayaw
  1584 | D:2      | Reached XP level 3. HP: 10/30 MP: 3/3
  1913 | D:2      | Reached ** piety under Uskayaw
  2407 | D:3      | Reached *** piety under Uskayaw
  2412 | D:3      | Reached XP level 4. HP: 36/37 MP: 4/4
  2882 | D:3      | Reached XP level 5. HP: 28/44 MP: 5/5
  3123 | D:3      | Noticed Ijyb
  3134 | D:3      | Reached skill level 1 in Armour
  3140 | D:3      | Killed Ijyb
  3140 | D:3      | Reached skill level 5 in Stealth
  3222 | D:3      | Found an opulent altar of Gozag.
  3222 | D:3      | Found a sparkling altar of Nemelex Xobeh.
  3456 | D:4      | Found a staircase to the Ecumenical Temple.
  3561 | D:4      | Noticed a centaur
  3569 | D:4      | Killed a centaur
  3569 | D:4      | Reached XP level 6. HP: 34/51 MP: 6/6
  3587 | D:4      | Found a snail-covered altar of Cheibriados.
  3923 | D:4      | Noticed a phantom
  3942 | D:4      | Killed a phantom
  3942 | D:4      | Reached XP level 7. HP: 45/58 MP: 7/7
  4361 | D:5      | Entered Level 5 of the Dungeon
  4442 | D:5      | Noticed Duvessa
  4447 | D:5      | Noticed Dowan
  4455 | D:5      | Killed Duvessa
  4459 | D:5      | Killed Dowan
  4459 | D:5      | Reached skill level 5 in Armour
  4472 | D:5      | Found a glowing golden altar of the Shining One.
  4473 | D:5      | Found an iron altar of Okawaru.
  4737 | D:5      | Found a transporter.
  4743 | D:5      | Identified the +7 spear of Intuition {elec, Str+3}
  4743 | D:5      | Identified the +0 shield "Liqagro" {rPois rCorr Int+3
                  | Dex-2}
  4750 | D:5      | Noticed hydraslayer's ghost (novice FrVM)
  4754 | D:5      | Found a transporter.
  5217 | D:6      | Reached XP level 8. HP: 67/67 MP: 8/8
  5562 | D:6      | Found a burning altar of Makhleb.
  5562 | D:6      | Found a radiant altar of Vehumet.
  5962 | D:6      | Reached skill level 5 in Fighting
  5967 | D:6      | Found a hazy altar of Hepliaklqana.
  6263 | D:7      | Noticed Menkaure
  6272 | D:7      | Killed Menkaure
  6274 | D:7      | Reached **** piety under Uskayaw
  6427 | D:7      | Found Xuppei Geid's Gadget Boutique.
  6440 | D:7      | Reached XP level 9. HP: 74/75 MP: 9/9
  6740 | D:8      | Found a staircase to the Lair.
  6768 | D:8      | Reached ***** piety under Uskayaw
  6955 | D:8      | Reached XP level 10. HP: 47/88 MP: 10/10
  7435 | D:8      | Reached skill level 1 in Invocations
  7670 | D:9      | Noticed Erolcha
  7679 | D:9      | Killed Erolcha
  7816 | D:9      | Noticed a cyan ugly thing
  7823 | D:9      | Killed a cyan ugly thing
  7835 | D:9      | Found a white marble altar of Elyvilon.
  8152 | D:10     | Entered Level 10 of the Dungeon
  8281 | D:10     | Found a staircase to the Orcish Mines.
  8394 | D:10     | Noticed a manticore
  8394 | D:10     | Noticed a cyclops
  8399 | D:10     | Noticed Sonja
  8406 | D:10     | Killed a cyclops
  8406 | D:10     | Killed a manticore
  8406 | D:10     | Reached skill level 5 in Invocations
  8709 | Lair:1   | Entered Level 1 of the Lair of Beasts
  8714 | Lair:1   | Noticed an oklob plant
  8715 | Lair:1   | Noticed an oklob plant
  8754 | Lair:1   | Noticed an oklob plant
  8792 | Lair:1   | Noticed an eight-headed hydra
  8805 | Lair:1   | HP: 3/91 [eight-headed hydra (4)]
  8813 | Lair:1   | HP: 2/91 [eight-headed hydra (8)]
  8813 | Lair:1   | Slain by an eight-headed hydra

Skill      XL: |  1  2  3  4  5  6  7  8  9 10 |
---------------+-------------------------------+-----
Fighting       | 1 2 3 4 5 7 9 |  9.1
Stealth        | 3 4 5 6 8 |  8.5
Armour         | 2 3 5 8 9 |  9.6
Invocations    | 5 |  5.3
Short Blades   | |  9.1
Long Blades    | |  9.1
Axes           | |  9.1
Maces & Flails | |  9.1
Polearms       | |  9.1
Staves         | |  9.1
Dodging        | |  2.4
Unarmed Combat | |  9.1

Action                   |  1- 3 |  4- 6 |  7- 9 | 10-12 || total
-------------------------+-------+-------+-------+-------++-------
Melee: Unarmed           |    64 |     1 |       |       ||    65
       Whip              |   151 |    59 |       |       ||   210
       Punch             |     1 |     2 |     4 |     1 ||     8
       Hand axe          |       |   136 |   219 |    86 ||   441
  Use: Scroll            |       |     3 |     3 |     2 ||     8
       Potion            |       |       |       |     4 ||     4
 Stab: Sleeping          |     3 |       |       |     3 ||     6
       Paralysed         |     1 |     2 |    11 |     6 ||    20
  Eat: Chunk             |     1 |     4 |     8 |     8 ||    21
       Ration            |     1 |       |     1 |       ||     2
Armor: Robe              |    64 |       |       |       ||    64
       Chain mail        |    19 |   111 |   121 |    96 ||   347
       Skin              |       |     2 |       |       ||     2
Dodge: Dodged            |   101 |    97 |    67 |    37 ||   302
